 Dungeon Sprint DCSS version 0.27-a0-394-g49c82dfaf2 (webtiles) character file.

Game seed: 17844605307736370724

224624 mhtbhm the Conqueror (level 18, -19/106 (145) HPs)
             Began as a Kobold Berserker on Feb 20, 2021.
             Was the Champion of Trog.
             Killed from afar by a shadow dragon (55 damage)
             ... with a bolt of negative energy
             ... in the Dungeon (Sprint IX: "|||||||||||||||||||||||||||||").
             The game lasted 00:20:41 (10576 turns).

mhtbhm the Conqueror (Kobold Berserker)            Turns: 10576, Time: 00:20:41

HP:   -19/106 (145) AC: 39    Str: 27    XL:     18   Next: 40%
MP:   16/16         EV: 19    Int:  9    God:    Trog [******]
Gold: 121           SH:  9    Dex: 19    Spells: 17/17 levels left

rFire    + . .     SeeInvis .   a - +6 eveningstar of Discretion {vorpal, *Slow +Fly rElec}
rCold    + . .     Faith    .   C - +2 buckler {reflect}
rNeg     . . .     Spirit   .   k - +0 gold dragon scales
rPois    +         Reflect  +   (no helmet)
rElec    +         Harm     .   J - +0 cloak "Gamo" {Dex+4}
rCorr    .         Rampage  .   D - +2 pair of gloves {archery}
Will     +++..     NoTele   +   w - +1 pair of boots
Stlth    ..........             (no amulet)
HPRegen  1.27/turn              G - +6 ring of strength
MPRegen  0.15/turn              F - +4 ring of protection

@: berserk cooldown, regenerating, slowed, very heavily drained, very slow
A: small, low mp 1, nightstalker 3
}: 4/17 runes: decaying, serpentine, barnacled, gossamer
a: Renounce Religion, Evoke Flight, Berserk, Trog's Hand, Brothers in Arms


You were in the Dungeon.
You worshipped Trog.
Trog was exalted by your worship.
You visited 1 branch You collected 1940 gold pieces.
You spent 1819 gold pieces at shops.

Inventory:

Hand Weapons
 a - the +6 eveningstar of Discretion (weapon) {vorpal, *Slow +Fly rElec}
   (Trog gifted it to you in the Dungeon)

   It inflicts extra damage upon your enemies.
   It insulates you from electricity.
   It lets you fly.
   It may slow you when you take damage.
 m - a +10 antimagic eveningstar
 E - a +3 antimagic morningstar
 H - a +6 morningstar of flaming
Missiles
 n - 7 poisoned darts
 u - 3 throwing nets
Armour
 b - a +4 chain mail of fire resistance
 k - +0 gold dragon scales (worn)
 w - a +1 pair of boots (worn)
 C - a +2 buckler of reflection (worn)
 D - a +2 pair of gloves of archery (worn)
 J - the +0 cloak "Gamo" (worn) {Dex+4}
   (You found it in the Dungeon)

   It affects your dexterity (+4).
Jewellery
 p - an amulet of reflection {unknown}
 z - a ring of willpower
 A - a ring of protection from fire
 F - a +4 ring of protection (right hand)
 G - a +6 ring of strength (left hand)
Wands
 j - a wand of iceblast (10)
 y - a wand of random effects (17)
 I - a wand of flame (20)
Scrolls
 h - 2 scrolls of blinking
 q - 6 scrolls of enchant weapon
 r - 5 scrolls of fear
 B - 8 scrolls of enchant armour
 L - a scroll of fog
Potions
 c - 7 potions of curing
 d - 7 potions of heal wounds
 e - 5 potions of haste
 f - 4 potions of magic
 g - 4 potions of berserk rage
 i - 3 potions of invisibility
 l - 2 potions of lignification
 o - 5 potions of resistance
 s - a potion of might
 t - 4 potions of mutation
 v - a potion of cancellation
 x - 3 potions of attraction


   Skills:
 O Level 27 Fighting
 O Level 27 Maces & Flails
 + Level 25.7 Armour
 + Level 14.4 Dodging
 + Level 7.7 Stealth
 - Level 4.5 Shields
 + Level 3.1 Unarmed Combat
 + Level 3.4 Evocations


You had 17 spell levels left.
You didn't know any spells.
Your spell library was empty.

Dungeon Overview and Level Annotations

Branches:
Dungeon (1/1)

Altars:
Cheibriados
Dithmenos
Elyvilon
Fedhas
Gozag
Hepliaklqana
Kikubaaqudgha
Makhleb
Nemelex Xobeh
Okawaru
Qazlal
Ru
Sif Muna
Trog
Uskayaw
Vehumet
Wu Jian
Xom
Yredelemnul
Zin
The Shining One
Beogh
Jiyva
Lugonu

Shops:
D !!![


Innate Abilities, Weirdness & Mutations

You are small and have problems with some larger weapons.
You are completely attuned to the shadows.
Your magical capacity is low. (-10% MP)


Message History

You block the shadow dragon's attack. x2
The shadow dragon claws you but does no damage.
Unknown command.
The shadow dragon breathes negative energy at you.
The bolt of negative energy hits the shadow dragon.
The shadow dragon completely resists.
The bolt of negative energy hits you but does no damage.
The bolt of negative energy hits your cyclops!!
Your cyclops is drained!
The shadow dragon bites you but does no damage.
The shadow dragon claws you but does no damage. x2
Items here: [[ ††.
You swap places.
Your cyclops misses the shadow dragon. The shadow dragon bites your cyclops!!
The shadow dragon claws your cyclops! x2
Your cyclops dies!
Your cyclops's corpse disappears in a puff of smoke!
Items here: ( )) [ †.
Unknown command.
Unknown command.
Your skin crawls.
You feel strong-willed.
The shadow dragon breathes negative energy at you.
The bolt of negative energy hits you!
You feel drained.
* * * LOW HITPOINT WARNING * * *
Unknown command.
Unknown command.
Okay, then.
You sock the shadow dragon!
The shadow dragon is almost dead.
You block the shadow dragon's attack. x2; The shadow dragon barely misses you.
Unknown command.
You closely miss the shadow dragon.
The shadow dragon is almost dead.
The shadow dragon breathes negative energy at you.
The bolt of negative energy hits the shadow dragon.
The shadow dragon completely resists.
The bolt of negative energy misses you.
The shadow dragon breathes negative energy at you.
The bolt of negative energy hits you!!!
You feel drained.
Ouch! That really hurt!
You die...

▓.....=....'..................
▓.▓▓▓▓▓▓▓▓▓▓▓▓▓▓▓▓▓▓▓▓▓▓▓▓▓▓▓▓
▓............).......)........
▓▓▓▓▓▓▓▓▓▓▓▓▓▓▓▓▓▓▓▓♣♣♣♣♣♣♣♣♣♣
▓.)..'......))))[))[.........[
▓.▓▓▓▓▓▓▓▓▓▓▓▓▓▓▓▓▓▓♣♣♣♣♣♣♣♣♣♣
▓...........)....)............
▓▓▓▓▓▓▓▓▓▓▓▓▓▓▓▓▓▓▓▓▓▓▓▓▓▓▓▓▓▓
pφ|CDD@'.[..(.....[)))[
▓▓▓▓▓▓▓▓▓▓▓▓▓▓▓▓▓▓▓▓▓▓▓


You could see 2 shadow dragons and a stone giant (strong).

Vanquished Creatures
  An orb of fire (D)
  Sojobo (D)
  Xtahua (D)
  Nikola (D)
  A golden dragon (D)
  Rupert (D)
  An Orb Guardian (D)
  A deep elf master archer (D)
  Frances (D)
  A death cob (D)
  A sphinx (D)
  A storm dragon (D)
  3 shadow dragons (D)
  2 tengu reavers (D)
  3 nagarajas (D)
  Ilsuiw (D)
  A frost giant (D)
  2 ghost moths (D)
  6 emperor scorpions (D)
  Louise (D)
  An ironheart preserver (D)
  4 vault wardens (D)
  2 stone giants (D)
  A purple draconian (D)
  3 eleionomae (D)
  3 merfolk javelineers (D)
  4 merfolk impalers (D)
  3 great orbs of eyes (D)
  Harold (D)
  4 ice dragons (D)
  6 hydras (D)
  A boulder beetle (D)
  3 merfolk avatars (D)
  2 naga warriors (D)
  Erolcha (D)
  2 rakshasas (D)
  2 merfolk aquamancers (D)
  2 ogre magi (D)
  25 vault guards (D)
  2 centaur warriors (D)
  A tengu warrior (D)
  5 orc high priests (D)
  A naga sharpshooter (D)
  A shock serpent (D)
  A deep elf knight (D)
  A shadow wraith (D)
  An unseen horror (shapeshifter) (D)
  3 sea snakes (D)
  7 swamp dragons (D)
  2 glowing orange brains (D)
  A necromancer (D)
  An orb spider (D)
  4 ironbrand convokers (D)
  2 harpies (D)
  7 orc knights (D)
  3 manticores (D)
  An ugly thing (D)
  An orc sorcerer (D)
  8 wolf spiders (D)
  2 elephants (D)
  Maurice (D)
  A guardian serpent (D)
  2 black mambas (D)
  2 vault sentinels (D)
  5 cane toads (D)
  5 naga magi (D)
  Psyche (D)
  A rime drake (D)
  3 freezing wraiths (D)
  A komodo dragon (D)
  2 yaktaurs (D)
  3 demonic crawlers (D)
  A troll (D)
  A merfolk (D)
  2 hornets (D)
  A tyrant leech (D)
  A blink frog (shapeshifter) (D)
  A blink frog (D)
  A snapping turtle (D)
  A tarantella (D)
  Eustachio (D)
  2 redbacks (D)
  A water elemental (D)
  A wyvern (D)
  Grum (D)
  3 yaks (D)
  2 nagas (D)
  2 wargs (D)
  2 hell hounds (D)
  6 orc warriors (D)
  A water moccasin (D)
  A swamp drake (D)
  An eye of draining (D)
  An ogre (D)
  7 wolves (D)
  3 centaurs (D)
  2 kobold brigands (D)
  2 bullfrogs (D)
  A jelly (D)
  A hound (D)
  3 orc priests (D)
  An orc wizard (D)
  2 worker ants (D)
  A white imp (D)
  10 orcs (D)
  A ball python (D)
  A bat skeleton (D)
  A giant cockroach (D)
  2 hobgoblins (D)
  A jackal (D)
  A quokka (D)
  A frilled lizard (D)
258 creatures vanquished.

Vanquished Creatures (collateral kills)
  A tengu reaver (D)
  A fenstrider witch (D)
  2 ettins (D)
  An eleionoma (D)
  A fire dragon (D)
  2 ice dragons (D)
  2 rakshasas (D)
  A hydra (D)
  A death knight (D)
  A vampire mage (D)
  3 orc high priests (D)
  A naga sharpshooter (D)
  4 orc knights (D)
  A will-o-the-wisp (D)
  An orc sorcerer (D)
  2 cyclopes (D)
  An ugly thing (D)
  3 black mambas (D)
  A guardian serpent (D)
  A yaktaur (D)
  A troll (D)
  2 water moccasins (D)
  2 orc warriors (D)
  A bullfrog (D)
  An orc (D)
38 creatures vanquished.

Vanquished Creatures (others)
  Margery (D)
  Nessos (D)
  A bloated husk (D)
  6 foxfires (D)
9 creatures vanquished.

Grand Total: 305 creatures vanquished

Notes
Turn   | Place    | Note
-------+----------+-------------------------------------------
     0 | D        | mhtbhm the Kobold Berserker began the quest for the Orb.
     0 | D        | Reached XP level 1. HP: 14/14 MP: 1/1
     9 | D        | Reached ** piety under Trog
    12 | D        | Reached XP level 2. HP: 14/20 MP: 2/2
   178 | D        | Noticed a centaur
   181 | D        | Reached *** piety under Trog
   185 | D        | Killed a centaur
   186 | D        | Reached skill level 5 in Maces & Flails
   186 | D        | Reached XP level 3. HP: 28/28 MP: 3/3
   186 | D        | Reached XP level 4. HP: 32/32 MP: 4/4
   232 | D        | Found a roughly hewn altar of Beogh.
   232 | D        | Found a snail-covered altar of Cheibriados.
   232 | D        | Found a shadowy altar of Dithmenos.
   233 | D        | Found a white marble altar of Elyvilon.
   234 | D        | Found a blossoming altar of Fedhas.
   235 | D        | Found an opulent altar of Gozag.
   236 | D        | Found a hazy altar of Hepliaklqana.
   237 | D        | Found a viscous altar of Jiyva.
   238 | D        | Found an ancient bone altar of Kikubaaqudgha.
   239 | D        | Found a corrupted altar of Lugonu.
   240 | D        | Found a burning altar of Makhleb.
   241 | D        | Found a sparkling altar of Nemelex Xobeh.
   242 | D        | Found an iron altar of Okawaru.
   243 | D        | Found a stormy altar of Qazlal.
   244 | D        | Found a sacrificial altar of Ru.
   245 | D        | Found a shimmering blue altar of Sif Muna.
   246 | D        | Found a bloodstained altar of Trog.
   247 | D        | Found a hide-covered altar of Uskayaw.
   248 | D        | Found a radiant altar of Vehumet.
   249 | D        | Found an ornate altar of the Wu Jian Council.
   250 | D        | Found a shimmering altar of Xom.
   251 | D        | Found a basalt altar of Yredelemnul.
   252 | D        | Found a glowing silver altar of Zin.
   253 | D        | Found a glowing golden altar of the Shining One.
   309 | D        | Noticed an ogre
   312 | D        | Noticed a yak
   314 | D        | Killed an ogre
   314 | D        | Reached **** piety under Trog
   315 | D        | Reached skill level 1 in Stealth
   315 | D        | Reached XP level 5. HP: 39/39 MP: 5/5
   318 | D        | Reached skill level 5 in Dodging
   318 | D        | Reached XP level 6. HP: 45/45 MP: 6/6
   320 | D        | Killed a yak
   322 | D        | Noticed a wyvern
   332 | D        | Reached ***** piety under Trog
   333 | D        | Reached XP level 7. HP: 32/51 MP: 7/7
   338 | D        | Killed a wyvern
   339 | D        | Reached skill level 10 in Fighting
   529 | D        | Reached skill level 10 in Maces & Flails
   545 | D        | Received a gift from Trog
   549 | D        | Reached XP level 8. HP: 59/59 MP: 8/8
   677 | D        | Noticed a cane toad
   677 | D        | Noticed a rime drake
   677 | D        | Noticed a blink frog
   679 | D        | Noticed a cane toad
   682 | D        | Killed a rime drake
   685 | D        | Killed a cane toad
   686 | D        | Reached XP level 9. HP: 64/64 MP: 9/9
   686 | D        | Noticed a cane toad
   687 | D        | Killed a cane toad
   688 | D        | Reached skill level 5 in Armour
   706 | D        | Killed a cane toad
   706 | D        | Noticed a four-headed hydra
   714 | D        | Killed a four-headed hydra
   715 | D        | Reached skill level 5 in Stealth
   718 | D        | Killed a blink frog
   719 | D        | Reached XP level 10. HP: 17/72 MP: 10/10
   975 | D        | Noticed a komodo dragon
   975 | D        | Noticed a cane toad
   975 | D        | Noticed an elephant
   983 | D        | Killed an elephant
   987 | D        | Killed a cane toad
   987 | D        | Reached ****** piety under Trog
   992 | D        | Killed a komodo dragon
   995 | D        | Noticed an elephant
  1009 | D        | Killed an elephant
  1014 | D        | Reached skill level 15 in Maces & Flails
  1015 | D        | Noticed a cane toad
  1021 | D        | Killed a cane toad
  1021 | D        | Received a gift from Trog
  1071 | D        | Received a gift from Trog
  1142 | D        | Noticed Harold
  1142 | D        | Noticed Grum
  1148 | D        | Reached XP level 11. HP: 79/79 MP: 11/11
  1166 | D        | Killed Harold
  1167 | D        | Reached skill level 10 in Dodging
  1175 | D        | Killed Grum
  1178 | D        | Received a gift from Trog
  1221 | D        | Noticed Eustachio
  1223 | D        | Noticed Erolcha
  1248 | D        | Killed Erolcha
  1260 | D        | Killed Eustachio
  1293 | D        | Noticed Psyche
  1300 | D        | Killed Psyche
  1386 | D        | Received a gift from Trog
  1418 | D        | Received a gift from Trog
  1528 | D        | Noticed an orc knight
  1534 | D        | Noticed an orc high priest
  1541 | D        | Killed an orc knight
  1547 | D        | Reached skill level 15 in Fighting
  1547 | D        | Noticed an orc sorcerer
  1553 | D        | Killed an orc high priest
  1554 | D        | Noticed an orc knight
  1559 | D        | Noticed an orc sorcerer
  1574 | D        | Killed an orc sorcerer
  1574 | D        | Received a gift from Trog
  1580 | D        | Killed an orc knight
  1616 | D        | Killed an orc sorcerer
  1890 | D        | Noticed an orc high priest
  1890 | D        | Noticed an orc knight
  1890 | D        | Noticed an orc high priest
  1892 | D        | Noticed a sixfirhy
  1895 | D        | Killed an orc high priest
  1895 | D        | Received a gift from Trog
  1897 | D        | Noticed an orc knight
  1906 | D        | Killed an orc knight
  1907 | D        | Reached XP level 12. HP: 88/88 MP: 12/12
  1909 | D        | Noticed a sixfirhy
  1919 | D        | Killed an orc high priest
  1929 | D        | Found Agehako's Antique Armour Boutique.
  2093 | D        | Found Ucoupe's Distillery.
  2116 | D        | Received a gift from Trog
  2121 | D        | Noticed an orc high priest
  2133 | D        | Killed an orc high priest
  2134 | D        | Found Siorosul's Distillery.
  2267 | D        | Found Cigi's Distillery.
  2269 | D        | Noticed an orc high priest
  2271 | D        | Noticed an orc high priest
  2279 | D        | Noticed an orc high priest
  2286 | D        | Killed an orc high priest
  2297 | D        | Noticed a sun demon
  2302 | D        | Killed an orc high priest
  2304 | D        | Killed an orc high priest
  2305 | D        | Noticed an orc high priest
  2307 | D        | Noticed a sun demon
  2307 | D        | Noticed a sun demon
  2312 | D        | Noticed a soul eater
  2319 | D        | Killed an orc high priest
  2481 | D        | Bought a pair of glowing gloves for 187 gold pieces
  2496 | D        | Bought a potion of invisibility for 80 gold pieces
  2496 | D        | Bought a potion of haste for 100 gold pieces
  2496 | D        | Bought 2 potions of heal wounds for 100 gold pieces
  2496 | D        | Bought a potion of heal wounds for 50 gold pieces
  2496 | D        | Bought a potion of haste for 100 gold pieces
  2496 | D        | Bought 2 potions of mutation for 160 gold pieces
  2498 | D        | Bought a potion of berserk rage for 70 gold pieces
  2498 | D        | Bought a potion of haste for 140 gold pieces
  2502 | D        | Bought a potion of invisibility for 112 gold pieces
  2502 | D        | Bought a potion of heal wounds for 70 gold pieces
  2502 | D        | Bought a potion of heal wounds for 70 gold pieces
  2502 | D        | Bought a potion of haste for 140 gold pieces
  2502 | D        | Bought a potion of heal wounds for 70 gold pieces
  2502 | D        | Bought a potion of mutation for 112 gold pieces
  2502 | D        | Bought a potion of attraction for 42 gold pieces
  2508 | D        | Bought 2 potions of curing for 60 gold pieces
  2508 | D        | Bought a potion of attraction for 30 gold pieces
  2510 | D        | Bought 2 potions of curing for 84 gold pieces
  2510 | D        | Bought a potion of attraction for 42 gold pieces
  2579 | D        | Noticed Maurice
  2591 | D        | Killed Maurice
  2591 | D        | Received a gift from Trog
  2764 | D        | Killed an unseen horror
  2769 | D        | Noticed a death knight
  2772 | D        | Noticed a fire dragon
  2775 | D        | Killed a death knight
  2776 | D        | Reached skill level 10 in Armour
  2779 | D        | Killed a fire dragon
  2780 | D        | Noticed a vampire mage
  2780 | D        | Killed a vampire mage
  2780 | D        | Received a gift from Trog
  2788 | D        | Noticed a rakshasa
  2792 | D        | Noticed a centaur warrior
  2795 | D        | Killed a rakshasa
  2796 | D        | Noticed a great orb of eyes
  2797 | D        | Reached XP level 13. HP: 71/99 MP: 10/13
  2805 | D        | Killed a centaur warrior
  2812 | D        | Paralysed by a great orb of eyes for 6 turns
  2820 | D        | Killed a great orb of eyes
  3091 | D        | Noticed Rupert
  3101 | D        | Paralysed by Rupert for 6 turns
  3114 | D        | Killed Rupert
  3114 | D        | Received a gift from Trog
  3459 | D        | Noticed Frances
  3474 | D        | Killed Frances
  3587 | D        | Received a gift from Trog
  3597 | D        | HP: 2/101 [naga sharpshooter/bolt (4)]
  3950 | D        | Noticed an eleionoma
  3950 | D        | Noticed an eleionoma
  3955 | D        | Noticed a fenstrider witch
  3957 | D        | Killed an eleionoma
  3957 | D        | Received a gift from Trog
  3963 | D        | Killed an eleionoma
  3972 | D        | Paralysed by a fenstrider witch for 5 turns
  3984 | D        | Killed a fenstrider witch
  3996 | D        | Noticed an eleionoma
  4000 | D        | Killed an eleionoma
  4480 | D        | Noticed an eleionoma
  4489 | D        | Killed an eleionoma
  4626 | D        | Received a gift from Trog
  4638 | D        | Reached XP level 14. HP: 108/108 MP: 14/14
  4673 | D        | Received a gift from Trog
  4895 | D        | Noticed an emperor scorpion
  4920 | D        | Killed an emperor scorpion
  4931 | D        | Received a gift from Trog
  5223 | D        | Noticed a frost giant
  5232 | D        | Killed a frost giant
  5234 | D        | Paralysed by a great orb of eyes for 3 turns
  5242 | D        | Received a gift from Trog
  5265 | D        | Noticed a tengu reaver
  5265 | D        | Noticed a tengu reaver
  5279 | D        | Killed a tengu reaver
  5279 | D        | Received a gift from Trog
  5286 | D        | Reached skill level 1 in Evocations
  5743 | D        | Paralysed by an ogre mage for 7 turns
  5755 | D        | Received a gift from Trog
  5946 | D        | Noticed a stone giant
  5968 | D        | Killed a stone giant
  6029 | D        | Received a gift from Trog
  6038 | D        | Noticed a vault warden
  6059 | D        | Killed a vault warden
  6060 | D        | Reached XP level 15. HP: 25/119 MP: 15/15
  6066 | D        | Reached skill level 1 in Shields
  6164 | D        | Received a gift from Trog
  6165 | D        | Reached skill level 15 in Armour
  6200 | D        | Got a fine eveningstar {god gift}
  6201 | D        | Identified the +6 eveningstar of Discretion {vorpal, *Slow
                  | +Fly rElec} (Trog gifted it to you in the Dungeon)
  6382 | D        | Noticed an ironheart preserver
  6395 | D        | Killed an ironheart preserver
  6411 | D        | Received a gift from Trog
  6581 | D        | Noticed Xtahua
  6586 | D        | Paralysed by Xtahua for 7 turns
  6597 | D        | Killed Xtahua
  6600 | D        | Noticed a tengu reaver
  6601 | D        | Noticed a tengu reaver
  6604 | D        | Killed a tengu reaver
  6615 | D        | Killed a tengu reaver
  6615 | D        | Received a gift from Trog
  6650 | D        | Noticed Sojobo
  6676 | D        | Killed Sojobo
  7060 | D        | Got the +0 cloak "Gamo" {Dex+4}
  7163 | D        | Noticed Louise
  7175 | D        | Killed Louise
  7185 | D        | Noticed Nessos
  7203 | D        | Killed Nessos
  7517 | D        | Noticed Ilsuiw
  7532 | D        | Killed Ilsuiw
  7533 | D        | Reached skill level 1 in Unarmed Combat
  7537 | D        | Received a gift from Trog
  7554 | D        | Received a gift from Trog
  7559 | D        | Reached XP level 16. HP: 115/131 MP: 16/16
  7570 | D        | Received a gift from Trog
  7601 | D        | Got a barnacled rune of Zot
  7733 | D        | Received a gift from Trog
  7767 | D        | Reached skill level 27 in Fighting
  7779 | D        | Got a gossamer rune of Zot
  8007 | D        | Received a gift from Trog
  8056 | D        | Received a gift from Trog
  8063 | D        | Got a decaying rune of Zot
  8240 | D        | Noticed a nagaraja
  8247 | D        | Noticed a nagaraja
  8251 | D        | Killed a nagaraja
  8263 | D        | Killed a nagaraja
  8263 | D        | Received a gift from Trog
  8270 | D        | Noticed a nagaraja
  8273 | D        | Received a gift from Trog
  8284 | D        | Killed a nagaraja
  8301 | D        | Got a serpentine rune of Zot
  8540 | D        | Noticed Nikola
  8551 | D        | Killed Nikola
  8551 | D        | Received a gift from Trog
  8552 | D        | Reached XP level 17. HP: 125/139 MP: 17/17
  8788 | D        | Received a gift from Trog
  8828 | D        | Received a gift from Trog
  8865 | D        | Received a gift from Trog
  9283 | D        | Noticed a storm dragon
  9285 | D        | Received a gift from Trog
  9290 | D        | Identified the +1 quarterstaff of Painful Death {flame,
                  | Int+3 SInv}
  9298 | D        | Killed a storm dragon
  9309 | D        | Received a gift from Trog
  9313 | D        | Noticed a shadow dragon
  9315 | D        | Paralysed by a great orb of eyes for 2 turns
  9320 | D        | Noticed a shadow dragon
  9332 | D        | Killed a shadow dragon
  9333 | D        | Reached skill level 27 in Maces & Flails
  9340 | D        | Killed a shadow dragon
  9340 | D        | Received a gift from Trog
  9341 | D        | Noticed Margery
  9341 | D        | Noticed an orb of fire
  9344 | D        | Gained mutation: Your magical capacity is low. (-10% MP)
                  | [an orb of fire]
  9868 | D        | Noticed an Orb Guardian
  9868 | D        | Noticed a death cob
  9868 | D        | Noticed a deep elf master archer
  9868 | D        | Noticed a sphinx
  9877 | D        | Killed a death cob
  9881 | D        | Killed an Orb Guardian
  9885 | D        | Killed a deep elf master archer
  9893 | D        | Killed a sphinx
 10183 | D        | Killed an orb of fire
 10183 | D        | Received a gift from Trog
 10184 | D        | Reached XP level 18. HP: 145/145 MP: 16/16
 10316 | D        | Killed Margery
 10540 | D        | Identified the +3 flail of a ziggurat {holy, Will+ Str+3}
 10545 | D        | Noticed a golden dragon
 10555 | D        | Received a gift from Trog
 10558 | D        | Killed a golden dragon
 10576 | D        | Killed from afar by a shadow dragon

Illustrated notes

Levels and vault maps discovered:
D:        linesprint [early_d, line_temple, items_1, d_10, items_2, lair_1,
          lair_end, items_3, orc_1, orc_end, items_4, d_15, swamp_1, shoals_1,
          snake_1, spider_1, d_20, vaults_1, items_5, swamp_end, shoals_end,
          snake_end, spider_end, vaults_end, d_27, items_6, zot_1, zot_end,
          crypt_end, forest_end, elf_end, slime_end, tomb_end, abyss_end,
          pan_hell_end]

Skill      XL: |  1  2  3  4  5  6  7  8  9 10 11 12 13 14 15 16 17 18 |
---------------+-------------------------------------------------------+-----
Maces & Flails | 3 5 7 9 10 12 14 15 17 18 19 21 22 24 27 | 27.0
Fighting       | 4 6 8 9 10 11 12 13 16 18 20 23 26 27 | 27.0
Armour         | 2 3 4 6 7 8 10 12 14 16 19 24 25 | 25.7
Dodging        | 4 5 7 9 11 12 13 14 | 14.4
Stealth        | 1 2 4 5 6 7 |  7.7
Evocations     | 2 3 |  3.4
Shields        | 4 |  4.5
Unarmed Combat | 1 3 |  3.1

Action                   |  1- 3 |  4- 6 |  7- 9 | 10-12 | 13-15 | 16-18 || total
-------------------------+-------+-------+-------+-------+-------+-------++-------
Melee: Mace              |    11 |     5 |       |       |       |       ||    16
       Morningstar       |       |    20 |    68 |   343 |   310 |       ||   741
       Eveningstar       |       |       |       |       |   138 |   450 ||   588
       Unarmed           |       |       |       |       |     8 |       ||     8
Invok: Berserk           |     2 |     1 |     2 |    11 |    17 |     8 ||    41
       Brothers in Arms  |       |       |     1 |     5 |     7 |     2 ||    15
       Trog's Hand       |       |       |       |       |       |     2 ||     2
Evoke: Wand              |       |       |       |       |     3 |       ||     3
  Use: Scroll            |       |       |       |     1 |     2 |     4 ||     7
       Potion            |       |       |       |     2 |    13 |     3 ||    18
 Stab: Sleeping          |       |       |     1 |     1 |       |       ||     2
Armor: Scale mail        |       |     4 |    20 |    59 |       |       ||    83
       Chain mail        |       |       |       |     7 |   174 |       ||   181
       Gold dragon scale |       |       |       |       |    13 |   206 ||   219
Dodge: Dodged            |     3 |    19 |    49 |   168 |   272 |   211 ||   722
Block: Buckler           |       |       |       |       |    29 |   133 ||   162
       Reflection        |       |       |       |       |     1 |     2 ||     3

Table legend: (Time is in decaauts) A = Elapsed time spent in this place. B = Non-inter-level travel time spent in this place. C = Inter-level travel time spent in this place. D = Time resting spent in this place. E = Time spent auto-exploring this place. F = Levels seen in this place. G = Mean time per level. A B C D E F G +--------+--------+--------+--------+--------+-----+--------+ Total | 10476 | 10476 | 0 | 6502 | 564 | 1 | 10476.0 | Dungeon | 10476 | 10476 | 0 | 6502 | 564 | 1 | 10476.0 | +--------+--------+--------+--------+--------+-----+--------+

Top non-repeatable levels by time:
       D: 10476 daAuts
